 Dungeon Crawl Stone Soup version 0.28.0-45-g0d030f2227 (webtiles) character file.

Game seed: 13099638006283017729

212 Icepheonix32 the Skirmisher (level 5, 0/61 HPs)
             Began as a Demonspawn Fighter on Apr 6, 2022.
             Killed by divine providence
             ... invoked by an orc priest
              (12 damage)
             ... on level 3 of the Dungeon.
             The game lasted 00:03:11 (3220 turns).

Icepheonix32 the Skirmisher (Demonspawn Fighter)    Turns: 3220, Time: 00:03:12

Health: 0/61       AC: 22    Str: 16    XL:     5   Next: 58%
Magic:  6/6        EV:  2    Int: 10    God:
Gold:   23         SH:  0    Dex: 14    Spells: 5/5 levels left

rFire   . . .      SeeInvis .   a - +0 long sword
rCold   . . .      Faith    .   (no shield)
rNeg    . . .      Spirit   .   (armour currently unavailable)
rPois   +          Reflect  .   (helmet currently unavailable)
rElec   .          Harm     .   (cloak currently unavailable)
rCorr   .          Rampage  .   (gloves currently unavailable)
Will    .....      NoTele   +   (boots currently unavailable)
Stlth   +.........              (no amulet)
HPRegen 0.20/turn               (no ring)
MPRegen 0.10/turn               (no ring)

@: tree-form
A: stationary, stasis, torment immunity, boosted hp, demonic magic 1, (demonic
touch 1)
a: no special abilities


You were on level 3 of the Dungeon.
You were a tree.
You visited 1 branch of the dungeon, and saw 3 of its levels.

You collected 104 gold pieces.
You spent 81 gold pieces at shops.

Inventory:

Hand Weapons
 a - a +0 long sword (weapon)
Armour
 b - a +0 scale mail (melded)
 c - a +0 buckler
 e - a +0 chain mail
Scrolls
 f - 2 scrolls of enchant armour {unknown}
 h - 3 scrolls of amnesia {unknown}
 i - a scroll of identify {unknown}
 j - a scroll of noise {unknown}
 k - 2 scrolls of blinking {unknown}
 n - a scroll of immolation {unknown}
 o - a scroll of teleportation {unknown}
Potions
 m - a potion of curing {unknown}


   Skills:
 + Level 3.5 Fighting
 - Level 2.0 Long Blades
 + Level 3.4 Armour
 + Level 1.7 Dodging
 + Level 0.2 Stealth
 - Level 3.4 Shields
 * Level 2.1 Unarmed Combat
 * Level 0.8 Spellcasting


You had 5 spell levels left.
You didn't know any spells.
Your spell library was empty.

Dungeon Overview and Level Annotations

Branches:
Dungeon (3/15)

Altars:

Shops:
D:2 (**   D:3 ?


Innate Abilities, Weirdness & Mutations

You are a tree.
Your roots penetrate the ground, keeping you stationary.
You cannot be teleported.
You are immune to unholy pain and torment.
Your maximum health is greatly increased.
Your equipment is partially melded.
Spells you cast may paralyse adjacent enemies.
((Your touch may inflict minor irresistible damage on your foes.))


Message History

The orc hits you but does no damage.
You closely miss the orc. The orc hits you with a +0 mace.
You barely miss the orc. The orc hits you with a +0 mace.
The orc hits you with a +0 club.
You hit the orc priest.
The orc priest is moderately wounded.
The orc priest hits you with a +0 club. The orc hits you but does no damage.
The orc closely misses you.
The orc priest calls upon Beogh to heal the orc priest.
The orc priest's wounds heal themselves!
The orc priest hits you but does no damage.
The orc priest looks satisfied for a moment.
The orc closely misses you.
The orc priest mumbles some strange prayers to Beogh against you.
Beogh smites you!
* * * LOW HITPOINT WARNING * * *
It was a potion of heal wounds.
You feel much better. The orc closely misses you.
You hit the orc.
You touch the orc.
You kill the orc!
The orc hits you with a +0 mace.
You barely miss the orc.
You touch the orc.
The orc is heavily wounded.
The orc priest calls upon Beogh to heal the orc.
The orc's wounds heal themselves!
The orc hits you with a +0 mace.
You closely miss the orc. You punch the orc.
The orc is heavily wounded.
The orc misses you.
The orc priest mumbles some strange prayers to Beogh against you.
Beogh smites you!
* * * LOW HITPOINT WARNING * * *
It was a potion of lignification.
You turn into a tree.
Your +0 scale mail melds into your body.
Your roots penetrate the ground.
The orc barely misses you.
You closely miss the orc.
The orc is heavily wounded.
The orc hits you but does no damage.
The orc priest calls down the wrath of Beogh upon you.
Beogh smites you!
You die...

..................#
..........##......#
........# ##+#..##
......# #.#..#
..... .#.###.#..#
..... ..........#
##### ......?.oo#
.......##o# ...##..
#♣# .. #.. #.# .
#.. ... ........
###.##.### .. #.#
#. #.# . ...


You could see 2 orc priests and an orc.

Vanquished Creatures
  A scorpion (D:3)
  An orc priest (D:3)
  An orc wizard (D:3)
  3 adders
  3 dart slugs
  5 orcs (D:3)
  3 ball pythons (D:2)
  7 bats
  4 endoplasms
  A giant cockroach (D:3)
  7 goblins
  7 hobgoblins
  4 quokkas
  3 frilled lizards
  3 kobolds
  3 rats
56 creatures vanquished.

Notes
Turn   | Place    | Note
-------+----------+-------------------------------------------
     0 | D:1      | Icepheonix32 the Demonspawn Fighter began the quest for the
                  | Orb.
     0 | D:1      | Reached XP level 1. HP: 18/18 MP: 1/1
   288 | D:1      | Gained mutation: Your touch may inflict minor irresistible
                  | damage on your foes. [demonic ancestry]
   288 | D:1      | Reached XP level 2. HP: 23/24 MP: 2/2
   608 | D:1      | Found a faded altar of an unknown god.
   976 | D:2      | Found Owemi's Antique Weapon Emporium.
  1248 | D:2      | Gained mutation: Spells you cast may paralyse adjacent
                  | enemies. [demonic ancestry]
  1248 | D:2      | Reached XP level 3. HP: 22/29 MP: 3/3
  1456 | D:2      | Found Ruubec's Assorted Antiques.
  1940 | D:2      | Found Jauzxoj's Assorted Antiques.
  1952 | D:2      | Bought a scroll labelled HAMIOWNA ENNIF for 27 gold pieces
  1952 | D:2      | Bought a scroll labelled FAERUXKYZXUL for 27 gold pieces
  1952 | D:2      | Bought a scroll labelled ECHOICW KUWYR for 27 gold pieces
  2273 | D:3      | Noticed a scorpion
  2280 | D:3      | Killed a scorpion
  2281 | D:3      | Reached skill level 1 in Unarmed Combat
  2281 | D:3      | Reached XP level 4. HP: 19/35 MP: 3/5
  2558 | D:3      | Found Deges's Magic Scroll Shoppe.
  2591 | D:3      | Reached XP level 5. HP: 28/41 MP: 6/6
  2599 | D:3      | Reached skill level 1 in Dodging
  3220 | D:3      | Killed from afar by an orc priest

Illustrated notes

Levels and vault maps discovered:
D:1:      dpeg_arrival_rooms_b, layout_loops_corners,
          ebering_ecumenical_altar_webs
D:2:      layout_basic, serial_shops, shop, nicolae_shop_trees,
          nicolae_lakefront_shop, minmay_misc_feat_rows
D:3:      layout_basic, serial_shops, shop

Skill      XL: |  1  2  3  4  5 |
---------------+----------------+-----
Long Blades    | 2 |  2.0
Shields        | 3 |  3.4
Armour         | 3 |  3.4
Unarmed Combat | 1 2 |  2.1
Dodging        | 1 |  1.7
Fighting       | |  3.5
Stealth        | |  0.2
Spellcasting   | |  0.8

Action                   |  1- 3 |  4- 6 || total
-------------------------+-------+-------++-------
Melee: Long sword        |   126 |    62 ||   188
       Touch             |       |    14 ||    14
       Punch             |       |     3 ||     3
  Use: Potion            |     1 |     2 ||     3
Armor: Scale mail        |    73 |    26 ||    99
       Skin              |       |     1 ||     1
Dodge: Dodged            |    60 |    33 ||    93
Block: Buckler           |    36 |     2 ||    38
